Map: Dreamcatcher LE

Players

xKawaiian - Winner!

  • Race: Terran Terran
  • League: Grandmaster
  • Spawn Location: 11:00

IIllIllIIllI

  • Race: Protoss Protoss
  • League: Grandmaster
  • Spawn Location: 5:00

VOD

Have the link to the VOD?

Description

Time

  • Played on: Aug. 26, 2018, 9:10 a.m.
  • Length: 15:04
Show
View Real Time Build Order
Export as new Build Order

xKawaiian Terran - Winner!

Build Orders: Liberator Opening, Bio Tank 

Get SALT Encoding   

  12  0:01  SCV  
  13  0:13  SCV  
  14  0:17  Supply Depot  
  14  0:25  SCV  
  15  0:30  Refinery  
  15  0:38  SCV  
  16  0:45  Barracks  
  16  0:50  SCV  
  17  1:02  SCV  
  18  1:15  SCV  
  19  1:31  Barracks Reactor  
  20  1:33  Orbital Command  
  19  1:47  Command Center  
  19  2:01  Factory  
  19  2:04  SCV  
  20  2:08  Marine  
  20  2:09  Marine  
  22  2:18  Supply Depot  
  22  2:22  SCV  
  23  2:26  Refinery  
  23  2:40  Marine x2, SCV  
  26  2:45  Starport  
  26  2:51  Widow Mine  
  28  2:52  SCV  
  28  2:58  Marine x2  
  31  3:05  Orbital Command  
  31  3:07  Liberator  
  31  3:08  SCV  
  31  3:12  Factory Tech Lab  
  32  3:17  Marine  
  33  3:20  SCV  
  37  3:27  Marine  
  37  3:31  SCV  
  37  3:33  SCV  
  40  3:41  Siege Tank  
  43  3:45  Marine  
  43  3:46  SCV  
  46  3:48  Marine  
  46  3:52  Supply Depot  
  46  3:56  Supply Depot  
  46  4:08  Engineering Bay  
  46  4:09  Starport Tech Lab  
  46  4:13  Marine, SCV x2, Barracks  
  49  4:23  Factory Tech Lab  
  49  4:26  SCV  
  51  4:31  SCV  
  51  4:32  Marine x2  
  53  4:40  Starport Reactor, SCV  
  53  4:41  Barracks  
  53  4:43  Siege Tank  
  53  4:45  SCV, Terran Infantry Weapons Level 1  
  58  4:50  Marine  
  60  4:52  SCV  
  60  4:53  Marine, Refinery  
  60  4:57  SCV  
  62  5:12  Supply Depot  
  62  5:14  Supply Depot  
  62  5:15  Stimpack  
  62  5:19  Refinery  
  62  5:30  Supply Depot  
  62  5:31  Supply Depot, Combat Shields  
  62  5:34  Marine x2, SCV x2, Medivac  
  68  5:46  Medivac, SCV x2, Marine  
  71  5:52  Marine x3  
  77  5:57  Siege Tank  
  77  5:58  SCV x2  
  79  6:04  Marine  
  79  6:10  Marine  
  79  6:11  Marauder  
  82  6:15  Supply Depot x2  
  82  6:17  Marine  
  81  6:22  Medivac, Marauder  
  85  6:28  Marine  
  85  6:32  Marauder  
  88  6:34  Marine  
  89  6:44  Marauder  
  89  6:45  Terran Infantry Armor Level 1  
  89  6:46  Marine  
  92  6:50  SCV  
  92  6:52  Marine  
  92  6:54  Marauder  
  96  7:01  Command Center  
  96  7:03  Marine  
  96  7:04  Marine  
  96  7:07  SCV  
  99  7:09  Barracks  
  99  7:10  Barracks  
  98  7:18  SCV  
  98  7:19  SCV  
  98  7:20  Marine, Marauder  
  98  7:21  Marine  
  104  7:25  Marine  
  105  7:30  SCV  
  105  7:34  SCV  
  105  7:35  Concussive Shells  
  107  7:38  Marine  
  107  7:39  Marine  
  107  7:42  SCV  
  110  7:44  Armory  
  110  7:46  Engineering Bay  
  110  7:57  Marauder  
  107  8:01  Marine  
  107  8:02  Marine  
  107  8:04  Marine  
  107  8:05  Barracks Reactor, Barracks Tech Lab  
  109  8:06  SCV  
  109  8:07  SCV, Supply Depot x2  
  110  8:18  Marine, SCV  
  110  8:19  Marine  
  106  8:23  Marine  
  106  8:24  Marine x2, Medivac, Siege Tank  
  106  8:25  Medivac  
  111  8:35  Marine  
  111  8:37  Marine  
  113  8:41  Marine  
  113  8:43  Marine  
  115  8:54  Medivac  
  115  8:55  Medivac, Marine  
  108  8:56  Siege Tank  
  108  8:58  Terran Infantry Weapons Level 2  
  92  9:03  Marine  
  92  9:05  Marine, Marauder  
  96  9:16  Orbital Command  
  94  9:18  SCV x2  
  95  9:24  Medivac  
  95  9:25  Medivac  
  95  9:27  Marine, Marauder  
  95  9:29  Marine  
  102  9:34  SCV  
  102  9:35  SCV  
  104  9:38  Missile Turret  
  104  9:39  Siege Tank  
  104  9:43  Marauder  
  109  9:47  Marine x2  
  109  9:48  Marine  
  109  9:49  Marauder x2  
  114  9:54  Medivac  
  110  10:03  SCV x3  
  110  10:06  Factory  
  109  10:07  Supply Depot  
  109  10:08  Supply Depot, Barracks x2  
  109  10:11  Siege Tank  
  109  10:13  Marine x2, Marauder  
  99  10:32  SCV x2  
  99  10:34  Marine x2  
  99  10:35  Marauder  
  88  10:43  Siege Tank  
  88  10:44  Marine x2, SCV x2  
  88  10:45  Marauder x2  
  97  10:52  Marine x2  
  97  10:55  Marine  
  97  10:56  SCV  
  98  10:57  Liberator  
  98  11:02  Marine x2  
  98  11:05  SCV  
  98  11:06  Marine x2, Orbital Command  
  98  11:08  Factory Reactor, SCV  
  98  11:10  Marine  
  103  11:18  SCV  
  107  11:19  Drilling Claws  
  107  11:20  SCV  
  107  11:21  Widow Mine  
  110  11:27  Marine, Marauder  
  110  11:30  Marine, SCV  
  110  11:31  Barracks Reactor  
  110  11:32  Barracks Reactor, SCV  
  115  11:35  SCV  
  117  11:42  SCV  
  117  11:43  Marine  
  117  11:44  Marine, Marauder  
  117  11:45  SCV  
  120  11:47  SCV  
  120  11:48  Marine  
  120  11:49  Marauder  
  124  11:59  Marine, Marauder  
  123  12:01  Marine  
  123  12:07  Marine  
  123  12:08  Marauder  
  111  12:13  Marauder  
  111  12:21  Marauder  
  109  12:28  Marine x2  
  109  12:29  Marauder  
  113  12:40  Marine x2  
  113  12:43  Marine x3  
  117  12:53  Liberator  
  105  12:59  Marine  
  105  13:00  Marauder  
  105  13:04  Marine x2  
  105  13:05  Marine x7  
  106  13:13  SCV x2  
  106  13:14  SCV  
  106  13:17  Marine  
  106  13:19  Widow Mine x2  
  114  13:21  Marine  
  114  13:22  Marine x2  
  114  13:25  Marine, Marauder  
  122  13:27  Marauder  
  122  13:30  Widow Mine  
  124  13:36  Marine  
  124  13:37  Marine x4, Liberator  
  124  13:38  Liberator  
  124  13:39  Marauder  
  124  13:40  Marine  
  134  13:41  Widow Mine x2  
  134  13:52  Marine x2  
  134  13:54  Marine x2  
  140  14:05  Command Center  
  140  14:07  SCV  
  140  14:09  SCV  
  141  14:10  SCV  
  141  14:12  Supply Depot  
  141  14:13  Supply Depot  
  141  14:27  Marine  
  141  14:28  Marine  
  141  14:30  Marine, SCV, Marauder  
  140  14:32  Marauder x2  
  132  14:41  Marine x2  
  132  14:43  Supply Depot  
  134  14:45  Supply Depot  
  134  14:47  Refinery x2  
Show
View Real Time Build Order
Export as new Build Order

IIllIllIIllI Protoss 

Build Orders: 1 Gate Expand, Double Forge, Blink Stalkers 

Get SALT Encoding   

  12  0:01  Probe  
  13  0:13  Probe  
  14  0:17  Pylon  
  14  0:24  Probe  
  15  0:32  Probe  
  15  0:38  Gateway  
  15  0:42  Probe  
  16  0:44  Assimilator  
  17  0:52  Probe  
  18  1:00  Probe  
  18  1:08  Probe  
  20  1:25  Nexus  
  20  1:36  Cybernetics Core  
  20  1:40  Probe  
  21  1:52  Probe  
  22  1:55  Assimilator  
  22  2:01  Pylon  
  22  2:04  Probe  
  23  2:16  Robotics Facility  
  23  2:20  Probe  
  24  2:26  Warp Gate  
  24  2:30  Stalker  
  24  2:33  Probe  
  26  2:41  Probe  
  27  2:45  Probe  
  28  2:53  Probe  
  28  2:57  Probe  
  30  3:00  Twilight Council  
  30  3:04  Observer  
  31  3:07  Probe  
  31  3:09  Stalker, Probe  
  35  3:19  Probe  
  36  3:21  Gateway, Probe  
  36  3:24  Blink  
  38  3:33  Probe  
  39  3:36  Pylon  
  39  3:38  Probe  
  39  3:39  Stalker  
  42  3:47  Probe  
  42  3:50  Probe  
  42  3:55  Pylon  
  43  3:58  Observer  
  43  3:59  Probe  
  43  4:02  Probe  
  46  4:11  Probe  
  46  4:14  Probe  
  48  4:19  Gateway  
  48  4:24  Nexus  
  48  4:30  Probe x2  
  50  4:37  Stalker x2  
  53  4:47  Pylon  
  53  4:50  Forge  
  53  4:52  Forge  
  53  4:56  Observer  
  54  5:00  Probe x2  
  54  5:02  Assimilator  
  56  5:08  Pylon  
  56  5:12  Stalker x2, Probe  
  56  5:13  Probe  
  62  5:15  Charge  
  62  5:18  Stalker  
  64  5:25  Probe x2  
  66  5:32  Pylon  
  66  5:35  Protoss Ground Armor Level 1  
  66  5:39  Probe x3  
  69  5:47  Gateway  
  69  5:50  Gateway  
  69  5:52  Protoss Ground Weapons Level 1  
  69  5:54  Gateway, Probe x2  
  69  5:55  Gateway x2, Probe  
  72  6:08  Probe x3  
  75  6:18  Pylon  
  75  6:20  Pylon, Zealot, Probe x3  
  75  6:21  Zealot  
  75  6:23  Zealot  
  85  6:32  Observer  
  84  6:43  Zealot x3  
  90  6:58  Zealot  
  92  7:02  Zealot x4  
  92  7:06  Protoss Ground Armor Level 2  
  99  7:15  Pylon  
  99  7:16  Pylon  
  99  7:18  Pylon  
  99  7:19  Nexus  
  99  7:27  Protoss Ground Weapons Level 2  
  99  7:34  Zealot  
  101  7:38  Pylon, Nexus, Zealot x4  
  101  7:43  Pylon  
  109  7:51  Templar Archives  
  107  7:57  Zealot  
  107  7:58  Zealot x4  
  112  8:09  Zealot  
  89  8:31  Pylon  
  89  8:34  Pylon, Zealot x3  
  74  8:35  Zealot  
  80  8:42  Pylon  
  80  8:45  Pylon  
  79  8:53  Protoss Ground Armor Level 3  
  71  8:58  Zealot x6  
  71  8:59  Zealot  
  61  9:08  Immortal  
  63  9:27  Zealot x2  
  63  9:28  Zealot x5  
  63  9:29  Nexus  
  77  9:47  Immortal  
  81  9:56  Zealot x6  
  83  10:16  Probe x2, Cybernetics Core  
  83  10:38  Probe x2  
  85  10:44  Pylon  
  81  10:50  Probe  
  81  10:51  Probe  
  73  11:03  Probe x2  
  63  11:10  High Templar x3  
  69  11:11  High Templar  
  69  11:12  High Templar x2  
  69  11:15  Probe x2  
  69  11:17  Assimilator x2  
  69  11:18  Archon x2  
  77  11:19  Archon  
  77  11:25  Zealot  
  79  11:27  Probe x2  
  79  11:29  Pylon  
  81  11:36  Photon Cannon  
  81  11:37  Photon Cannon  
  81  11:39  Protoss Ground Weapons Level 3, Probe x2  
  83  11:46  Zealot x3  
  83  11:47  Zealot x4  
  91  11:51  Probe x2  
  81  12:03  Probe x2  
  81  12:04  Probe  
  77  12:15  Probe x2  
  77  12:16  Probe  
  77  12:17  High Templar  
  77  12:21  Zealot x3  
  82  12:23  Zealot x2  
  82  12:24  Zealot  
  82  12:27  Probe x2  
  90  12:49  Nexus  
  54  13:06  Zealot  
  54  13:07  High Templar  
  54  13:10  Probe x3  
  54  13:11  Zealot x3, High Templar  
  54  13:12  Zealot  
  67  13:19  Archon  
  67  13:29  Zealot  
  67  13:33  Probe x2  
  69  13:38  Zealot x3  
  69  13:39  Zealot  
  69  13:41  Zealot  
  73  13:55  High Templar  
  73  13:56  High Templar  
  73  13:59  Stalker x2  
  73  14:01  Archon  
  79  14:04  Probe  
  79  14:05  Probe x3  
  79  14:07  Observer  
  84  14:11  Zealot x2  
  84  14:17  Probe  
  89  14:21  Stalker  
  91  14:25  Zealot x2  
  59  14:42  High Templar x2  
  59  14:45  Zealot x4  
  67  14:47  Archon  
  67  14:53  Zealot  
Tags
 
Add a new tag
Caveats
  • Supply blocks, unpowered buildings, or Contaminate may cause inaccurate times.
  • Supply counts are checked every 10 seconds.